 Dungeon Crawl Stone Soup version bcrawl-1.17.3 (webtiles) character file.

Game seed: 4200320313680566822

86 JackS81 the Magician (level 4, -3/40 HPs)
             Began as a Djinni Reaver on Oct 31, 2019.
             Was a Follower of Vehumet.
             Shot with a sling bullet by Ijyb (9 damage)
             ... on level 3 of the Dungeon.
             The game lasted 00:07:47 (2723 turns).

JackS81 the Magician (Djinni Reaver)                Turns: 2723, Time: 00:07:48

Health: -3/40      AC:  0    Str: 14    XL:     4   Next: 27%
Magic:  9/9        EV: 15    Int: 17    God:    Vehumet [*.....]
Gold:   135        SH:  0    Dex:  9    Spells: 9/10 levels left

rFire    . . .     SeeInvis .   (weapon currently unavailable)
rCold    . . .     Gourm    .   (shield currently unavailable)
rNeg     . . .     Faith    .   (armour currently unavailable)
rPois    .         Spirit   .   (helmet currently unavailable)
rElec    .         Reflect  .   (cloak currently unavailable)
rCorr    .         Harm     .   (gloves currently unavailable)
MR       .....     Rnd*Rage +   (boots unavailable)
Stlth    +.........             (no amulet)
HPRegen  0.13/turn              (ring currently unavailable)
MPRegen  0.11/turn              (ring currently unavailable)

@: pig-form, flying, slowed
A: small, never pass out, berserk 2, blink, blurry vision 2, wild magic 2,
MP-powered wands
a: Blink, Renounce Religion


You were on level 3 of the Dungeon.
You worshipped Vehumet.
Vehumet was aware of your devotion.
You were not hungry.
You were a filthy swine.
You visited 1 branch of the dungeon, and saw 3 of its levels.

You collected 135 gold pieces.

Inventory:

Hand Weapons
 a - a +0 flail (melded)
 e - a cursed -2 mace
 l - a +2 short sword of venom
 o - a +5 dagger of draining
Missiles
 m - 332 arrows
Armour
 b - +0 steam dragon scales (melded)
Jewellery
 k - an uncursed ring of resist corrosion {unknown}
 s - an uncursed ring of stealth {unknown}
Scrolls
 d - a scroll of immolation
 g - a scroll of enchant weapon {unknown}
 i - a scroll of noise {unknown}
 n - a scroll of remove curse {unknown}
 p - 4 scrolls of identify {unknown}
 q - a scroll of blinking {unknown}
 t - 2 scrolls of teleportation {unknown}
Potions
 c - 2 potions of haste
 h - a potion of curing {unknown}
 j - a potion of heal wounds
 r - a potion of lignification {unknown}
 u - a potion of mutation {unknown}
 w - a potion of invisibility {unknown}
 x - a potion of flight {unknown}
Comestibles
 f - 2 rations {!d}
 v - 5 chunks of flesh


   Skills:
 + Level 3.8 Fighting
 + Level 3.8 Maces & Flails
 + Level 3.4 Dodging
 * Level 3.9 Spellcasting
 * Level 0.7 Conjurations


You had 9 spell levels left.
You knew the following spells:

 Your Spells              Type           Power        Failure   Level  Hunger
a - Sting                 Conj/Pois      #...         28%         1    None

Your spell library contained the following spells:

 Spells                   Type           Power        Failure   Level  Hunger
 Iskenderun's Battlesphe  Conj/Chrm      #.......     99%         5    ######.


Dungeon Overview and Level Annotations

Branches:
Dungeon (3/12)

Altars:
Dithmenos
Uskayaw
Vehumet
Yredelemnul
Zin

Annotations:
D:3 1 runed translucent door, Ijyb


Innate Abilities, Weirdness & Mutations

You never pass out after going berserk.
You often lose your temper in combat.
You can translocate small distances at will.
Scrolls take you longer to read.
Your spells are harder to cast, but more powerful.
You expend magic power (3 MP) to strengthen your wands.
((Your body floats in the air.))


Message History

It is briefly surrounded by a scintillating aura of random colours.
Ijyb misses you.
You barely miss Ijyb.
Ijyb hits you with a +0 dagger of chaos.
You feel as though you will be slow longer.
Ijyb unwields a +0 dagger of chaos.
Ijyb wields a +0 hunting sling.
Ijyb shoots a sling bullet.
The sling bullet hits you.
An orc comes into view.
The orc shouts!
Ijyb shoots a sling bullet.
The sling bullet hits you.
Ijyb zaps a wand.
You resist with some effort.
Ijyb shoots a sling bullet.
The sling bullet hits you!
* * * LOW HITPOINT WARNING * * *
Ijyb shoots a sling bullet.
The sling bullet hits you.
* * * LOW HITPOINT WARNING * * *
Your magical contamination has completely faded away.
Ijyb zaps a wand.
You extend your transformation's duration.
Ijyb shoots a sling bullet.
The sling bullet hits you!
You die...

############ ###
#..........#
SSF+.####..........#
###...<...........#
.....####..รทรท......#
... ####...######
.#.######...........#
.......#.h#.........#
#.###...##.........#
#..................#
######..##.........#
#....#.........# .
#.##...........#
..####
#.##...(.......#
.....#
#g...#.....#####
....<#
#....#####.......


You could see Ijyb.

Vanquished Creatures
  2 gnolls (D:2)
  A worm (D:3)
  3 dart slugs
  3 leopard geckos
  4 giant cockroaches (D:1)
  5 goblins (D:1)
  6 hobgoblins
  4 jackals (D:3)
  6 kobolds
  A ball python (D:1)
  8 bats
  2 frilled lizards (D:2)
  7 rats
52 creatures vanquished.

Notes
Turn   | Place    | Note
-------+----------+-------------------------------------------
     0 | D:1      | JackS81 the Djinni Reaver began the quest for the Orb.
     0 | D:1      | Reached XP level 1. HP: 19/19 MP: 4/4
   197 | D:1      | Reached XP level 2. HP: 19/26 MP: 6/6
   693 | D:1      | Reached XP level 3. HP: 31/31 MP: 7/7
   741 | D:1      | Reached * piety under Vehumet
   741 | D:1      | Offered knowledge of Sting by Vehumet.
   744 | D:1      | Learned a level 1 spell: Sting
   968 | D:2      | Found a radiant altar of Vehumet.
   987 | D:2      | Found a glowing silver altar of Zin.
   990 | D:2      | Found a hide-covered altar of Uskayaw.
  1010 | D:2      | Found a basalt altar of Yredelemnul.
  1518 | D:2      | Found a shadowy altar of Dithmenos.
  2355 | D:2      | Gained mutation: Your spells are harder to cast, but more
                  | powerful. [Djinni growth]
  2355 | D:2      | Gained mutation: You can translocate small distances at
                  | will. [Djinni growth]
  2355 | D:2      | Reached XP level 4. HP: 11/40 MP: 5/9
  2618 | D:3      | Found a runed translucent door.
  2618 | D:3      | Noticed a bullfrog
  2695 | D:3      | Noticed Ijyb
  2723 | D:3      | Shot with a sling bullet by Ijyb

Action                   |  1- 3 |  4- 6 || total
-------------------------+-------+-------++-------
Melee: Flail             |   158 |    14 ||   172
       Unarmed           |       |     1 ||     1
 Cast: Sting             |     8 |     7 ||    15
  Eat: Chunk             |     4 |     2 ||     6
Armor: Steam dragon scal |    75 |     3 ||    78
Dodge: Dodged            |   134 |    15 ||   149
